 Dungeon Crawl Stone Soup version 0.24.0-123-gd5b16e6ec5 (webtiles) character file.

Game seed: 5425635034031172868, levelgen mode: deterministic

19777 vurker the Zephyrmancer (level 12, -2/79 HPs)
             Began as a Tengu Air Elementalist on Jan 19, 2020.
             Was a Believer of Vehumet.
             Slain by a dream sheep (9 damage)
             ... on level 2 of the Lair of Beasts.
             The game lasted 00:31:24 (22756 turns).

vurker the Zephyrmancer (Tengu Air Elementalist)   Turns: 22756, Time: 00:31:25

Health: -2/79      AC: 11    Str:  8    XL:     12   Next: 72%
Magic:  20/27      EV: 17    Int: 21    God:    Vehumet [**....]
Gold:   529        SH:  0    Dex: 15    Spells: 21/31 levels left

rFire    + . .     SeeInvis .   k - +2 dagger (venom)
rCold    . . .     Gourm    .   (no shield)
rNeg     . . .     Faith    .   l - +1 leather armour {rF+}
rPois    +         Spirit   .   (helmet restricted)
rElec    .         Reflect  .   p - +1 cloak
rCorr    .         Harm     +   a - +2 pair of gloves {archery}
MR       +....                  (boots unavailable)
Stlth    ++........             o - amulet of harm
HPRegen  0.23/turn              q - ring of protection from magic
MPRegen  0.20/turn              B - ring of poison resistance

@: flying quickly and evasively, quick
A: beak, talons 3, icy blue scales 1, blurry vision 1, robust 1, MP-powered
wands, able to fly
a: Stop Flying, Renounce Religion


You were on level 2 of the Lair of Beasts.
You worshipped Vehumet.
Vehumet was pleased with you.
You were not hungry.

You visited 3 branches of the dungeon, and saw 15 of its levels.
You also visited: Sewer and Gauntlet.

You collected 851 gold pieces.
You spent 322 gold pieces at shops.

Inventory:

Hand Weapons
 k - a +2 dagger of venom (weapon)
   (You took it off a goblin on level 2 of the Dungeon)
Armour
 a - a +2 pair of gloves of archery (worn)
   (You found it on level 8 of the Dungeon)
 l - a +1 leather armour of fire resistance (worn)
   (You found it on level 5 of the Dungeon)
 p - a +1 cloak (worn)
   (You took it off Crazy Yiuf on level 3 of the Dungeon)
Jewellery
 o - an amulet of harm (around neck)
   (You found it on level 6 of the Dungeon)
 q - a ring of protection from magic (left hand)
   (You found it on level 6 of the Dungeon)
 B - a ring of poison resistance (right hand)
   (You found it on level 9 of the Dungeon)
Wands
 c - a wand of disintegration (18)
   (You found it on level 5 of the Dungeon)
 t - a wand of flame (42)
   (You took it off Sigmund on level 5 of the Dungeon)
 u - a wand of paralysis (10)
   (You found it on level 11 of the Dungeon)
 v - a wand of digging (5)
   (You took it off Dowan on level 7 of the Dungeon)
 C - a wand of scattershot (3)
   (You found it on level 10 of the Dungeon)
Scrolls
 b - a scroll of fog
 f - 6 scrolls of amnesia
 h - 4 scrolls of teleportation
 n - 2 scrolls of remove curse
 r - a scroll of immolation
 s - 2 scrolls of fear
 w - 2 scrolls of blinking
 x - 2 scrolls of identify
 y - 2 scrolls of summoning
 D - 2 scrolls of enchant weapon
Potions
 d - 9 potions of curing
 g - 2 potions of cancellation
 i - a potion of lignification
 j - a potion of invisibility
 m - 2 potions of ambrosia
 z - 3 potions of heal wounds
 A - 3 potions of haste
Comestibles
 e - 16 rations


   Skills:
 + Level 7.5 Fighting
 + Level 5.2 Dodging
 - Level 2.0 Stealth
 * Level 10.2 Spellcasting
 * Level 13.7 Conjurations
 * Level 14.2 Air Magic


You had 21 spell levels left.
You knew the following spells:

 Your Spells              Type           Power        Failure   Level  Hunger
a - Shock                 Conj/Air       ####         1%          1    None
b - Lightning Bolt        Conj/Air       ######....   1%          5    ####...
c - Airstrike             Air            ######....   1%          4    ##.....

Your spell library contained the following spells:

 Spells                   Type           Power        Failure   Level  Hunger
 Inner Flame              Hex/Fire       ##......     28%         3    None
 Swiftness                Chrm/Air       #####...     1%          2    None
 Static Discharge         Conj/Air       ######..     1%          3    None
 Stone Arrow              Conj/Erth      #####.       1%          3    None
 Summon Lightning Spire   Summ/Air       #####...     4%          4    ##.....
 Animate Skeleton         Necr           N/A          10%         1    None
 Apportation              Tloc           ##....       10%         1    None
 Confusing Touch          Hex            ##....       10%         1    None
 Sandblast                Erth           ##....       10%         1    None
 Summon Small Mammal      Summ           ##..         10%         1    None
 Call Imp                 Summ           ##......     14%         2    None
 Passwall                 Tmut/Erth      ##......     14%         2    None
 Call Canine Familiar     Summ           ##......     28%         3    None
 Summon Guardian Golem    Hex/Summ       ##......     28%         3    None
 Petrify                  Tmut/Erth      ##......     67%         4    ##.....
 Summon Ice Beast         Ice/Summ       ##......     67%         4    ##.....
 Lee's Rapid Deconstruct  Erth           ##........   95%         5    ####...


Dungeon Overview and Level Annotations

Branches:
Dungeon (11/15)            Temple (1/1) D:7            Lair (3/6) D:10
 Shoals (0/4) Lair:2          Orc (0/2) D:10          Sewer (visited)
Gauntlet (visited)
  Snake: Lair:2-4    Spider: Lair:2-4

Altars:
Ashenzari
Cheibriados
Dithmenos
Elyvilon
Fedhas
Gozag
Hepliaklqana
Kikubaaqudgha
Makhleb
Nemelex Xobeh
Okawaru
Qazlal
Ru
Sif Muna
Trog
Uskayaw
Vehumet
Wu Jian
Xom
Yredelemnul
Zin
The Shining One

Shops:
D:5 ?   D:7 ?

Annotations:
D:5 3 runed translucent doors, Nebesus's ghost, novice NaVM


Innate Abilities, Weirdness & Mutations

You have a beak for a mouth.
You have claws for feet.
You can fly continuously.
You are partially covered in icy blue scales. (AC +2)
Scrolls take you a little longer to read.
You are robust. (+10% HP)
You expend magic power (3 MP) to strengthen your wands.


Message History

The black bear growls angrily.
You hear an angry growl.
A polar bear comes into view.
There is a stone staircase leading up here.
You fly upwards.
There is a stone staircase leading down here.
There is a stone staircase leading down here.
You start resting.
You are feeling very hungry.
You start resting.
You eat one of the 17 rations.
That ration really hit the spot!
Okay, then.
You fly downwards. 6 dream sheep come into view.
The dream sheep bleats! x4
The dream sheep bites you but does no damage.
The dream sheep are wreathed in dream dust.
You feel drowsy...
You fall asleep.
The dream sheep bites you!
You wake up.
The dream sheep misses you. The dream sheep bites you.
You hear an angry hiss.
There is a stone staircase leading up, spattered with blood here.
The dream sheep closely misses you. The dream sheep barely misses you.
The dream sheep completely misses you. The dream sheep bites you. x2
The dream sheep misses you.
You fly upwards.
There is a stone staircase leading down here.
Aim: a dream sheep The air twists around and strikes the dream sheep!
The dream sheep misses you.
The dream sheep bites you but does no damage.
The dream sheep closely misses you. The dream sheep bites you.
The dream sheep bites you! The dream sheep closely misses you.
Aim: a dream sheep (severely wounded)
The air twists around and strikes the dream sheep!
You kill the dream sheep!
Vehumet accepts your kill.
You feel your power returning. The dream sheep barely misses you.
The dream sheep closely misses you.
The dream sheep bites you but does no damage.
The dream sheep barely misses you.
The dream sheep shake their wool and sparkle.
You feel drowsy...
You fall asleep.
The dream sheep closely misses you. The dream sheep bites you!!
You wake up.
* * * LOW HITPOINT WARNING * * *
The dream sheep bites you!
* * * LOW HITPOINT WARNING * * *
The dream sheep bites you.
* * * LOW HITPOINT WARNING * * *
The dream sheep bites you!
You die...

P♣ ♣♣♣≈≈.## ##.#..#
♣♣ ♣♣≈P######.#...##
≈♣♣♣♣≈P≈......(.....#
≈♣≈≈≈≈≈..........[.##
≈≈≈≈PP≈...........##
≈PP....PPP.###P#..##
........P.######..P#
##.#.>..........†Y##
###....#.......#@Y##
..##....#[....#YYY.#
...#..........#.?.##
..#....##.....#?..#
..##...#P.....##..#
..##...###....##..##
...#...P##.....#...#
#..................#
..................##


You could see 5 dream sheep.

Vanquished Creatures
  2 hydras
  3 two-headed ogres
  2 ugly things (D:11)
  A manticore (Lair:2)
  A centaur zombie (D:10)
  Joseph (D:7)
  A spiny frog (Lair:2)
  4 trolls
  A polar bear (Lair:1)
  A dream sheep (Lair:2)
  5 hippogriffs
  A wraith (D:11)
  A steam dragon (D:7)
  8 yaks
  Sigmund (D:5)
  A basilisk (Lair:1)
  A human (D:8)
  Duvessa (D:7)
  5 water moccasins (Lair:2)
  3 porcupines
  9 orc warriors
  Purgy (D:3)
  3 phantoms
  6 sky beasts
  7 black bears
  5 ice beasts
  9 ogres
  6 wolves (Lair:2)
  4 centaurs
  2 crocodiles
  5 big kobolds
  11 bullfrogs
  A gnoll sergeant (D:10)
  3 scorpions
  Dowan (D:7)
  A water moccasin skeleton (D:7)
  11 wights
  14 killer bees
  2 howler monkeys
  2 electric eels (Lair:2)
  6 crimson imps
  A bullfrog zombie (D:10)
  3 quasits
  5 hounds
  8 orc priests
  A bullfrog skeleton (D:6)
  4 centaur skeletons
  4 jellies
  Crazy Yiuf (D:3)
  3 iguanas
  14 worker ants
  10 orc wizards
  A worker ant zombie (D:5)
  2 gnolls (D:10)
  22 adders
  2 river rats (D:4)
  4 shadow imps
  7 oozes
  2 adder skeletons
  An adder zombie (D:5)
  2 worms (D:2)
  A dart slug (D:2)
  11 leopard geckos
  53 orcs
  17 giant cockroaches
  15 goblins
  6 hobgoblins
  25 jackals
  7 kobolds
  3 quokkas
  6 ball pythons
  7 bats
  22 frilled lizards
  A jackal skeleton (D:5)
  A leopard gecko skeleton (D:6)
  A quokka skeleton (D:4)
  11 rats
437 creatures vanquished.

Vanquished Creatures (others)
  16 fungi
  20 plants
36 creatures vanquished.

Grand Total: 473 creatures vanquished

Notes
Turn   | Place    | Note
-------+----------+-------------------------------------------
     0 | D:1      | vurker the Tengu Air Elementalist began the quest for the
                  | Orb.
     0 | D:1      | Reached XP level 1. HP: 10/10 MP: 4/4
   152 | D:1      | Reached XP level 2. HP: 15/15 MP: 0/6
   765 | D:1      | Reached XP level 3. HP: 20/20 MP: 0/7
   921 | D:1      | Reached skill level 1 in Fighting
   921 | D:1      | Reached XP level 4. HP: 16/25 MP: 1/9
  1238 | D:2      | Reached skill level 5 in Air Magic
  1616 | D:2      | Found a shimmering altar of Xom.
  1619 | D:2      | Found a shimmering altar of Xom.
  1619 | D:2      | Found a shimmering altar of Xom.
  1619 | D:2      | Found a shimmering altar of Xom.
  1646 | D:2      | Found a shimmering altar of Xom.
  1976 | D:3      | Gained mutation: You can fly continuously. [Tengu growth]
  1976 | D:3      | Reached XP level 5. HP: 29/29 MP: 8/10
  2418 | D:3      | Noticed Purgy
  2429 | D:3      | Killed Purgy
  2429 | D:3      | Reached XP level 6. HP: 35/35 MP: 10/12
  2611 | D:3      | Found a glowing golden altar of the Shining One.
  3005 | D:3      | Found a runed translucent door.
  3006 | D:3      | Noticed Crazy Yiuf
  3015 | D:3      | Learned a level 5 spell: Lightning Bolt
  3020 | D:3      | Learned a level 4 spell: Airstrike
  3025 | D:3      | Killed Crazy Yiuf
  3231 | D:4      | Found a stormy altar of Qazlal.
  3243 | D:4      | Reached skill level 6 in Air Magic
  3335 | D:4      | Found a glowing drain.
  3430 | Sewer    | Entered a sewer
  3908 | Sewer    | Reached skill level 5 in Conjurations
  4122 | Sewer    | Reached XP level 7. HP: 40/40 MP: 10/13
  4671 | D:4      | Reached skill level 7 in Air Magic
  5569 | D:5      | Entered Level 5 of the Dungeon
  5581 | D:5      | Reached XP level 8. HP: 45/45 MP: 3/15
  6203 | D:5      | Reached skill level 5 in Spellcasting
  6290 | D:5      | Found a runed translucent gate.
  6290 | D:5      | Found a runed translucent gate.
  6290 | D:5      | Found a runed translucent gate.
  6368 | D:5      | Reached skill level 8 in Air Magic
  6404 | D:5      | HP: 2/46 [orc priest/divine providence (11)]
  7157 | D:5      | Noticed Sigmund
  7161 | D:5      | Killed Sigmund
  7546 | D:5      | Found an ornate altar of the Wu Jian Council.
  7557 | D:5      | Found an iron altar of Okawaru.
  7568 | D:5      | Found a basalt altar of Yredelemnul.
  7612 | D:5      | Found a snail-covered altar of Cheibriados.
  7634 | D:5      | Found an opulent altar of Gozag.
  7635 | D:5      | Noticed Nebesus's ghost (novice NaVM)
  7768 | D:5      | Found Ceuca's Magic Scroll Shop.
  7773 | D:5      | Bought a scroll of identify for 24 gold pieces
  7773 | D:5      | Bought a scroll of identify for 24 gold pieces
  7773 | D:5      | Bought a scroll of teleportation for 36 gold pieces
  7773 | D:5      | Bought a scroll of identify for 24 gold pieces
  7773 | D:5      | Bought a scroll of identify for 24 gold pieces
  7773 | D:5      | Bought a scroll of teleportation for 36 gold pieces
  7773 | D:5      | Bought a scroll of identify for 24 gold pieces
  7773 | D:5      | Bought a scroll of fear for 42 gold pieces
  7934 | D:6      | Reached XP level 9. HP: 52/52 MP: 8/18
  8206 | D:6      | Reached skill level 9 in Air Magic
  8946 | D:7      | Found Ret Reb's Magic Scroll Shoppe.
  9740 | D:7      | Reached skill level 10 in Air Magic
  9825 | D:7      | Found an iron altar of Okawaru.
  9858 | D:7      | Noticed Dowan
  9867 | D:7      | Killed Dowan
 10076 | D:7      | Noticed Duvessa
 10134 | D:7      | Killed Duvessa
 10256 | D:7      | Reached XP level 10. HP: 58/58 MP: 13/21
 10341 | D:7      | Noticed Joseph
 10819 | D:7      | Killed Joseph
 10819 | D:7      | Reached skill level 5 in Fighting
 10819 | D:7      | Reached skill level 10 in Conjurations
 10973 | D:7      | Bought a scroll of teleportation for 33 gold pieces
 10973 | D:7      | Bought a scroll of teleportation for 33 gold pieces
 10973 | D:7      | Bought a scroll of identify for 22 gold pieces
 11383 | D:7      | Found a staircase to the Ecumenical Temple.
 11390 | Temple   | Entered the Ecumenical Temple
 11686 | D:8      | Found a glowing silver altar of Zin.
 11930 | D:8      | Reached skill level 11 in Air Magic
 12282 | D:8      | Identified the cursed +2 trident "Beetlebane" {protect,
                  | SInv}
 12696 | D:8      | Noticed a two-headed ogre
 12701 | D:8      | Killed a two-headed ogre
 13083 | D:9      | Found a hazy altar of Hepliaklqana.
 13217 | D:9      | Found a hide-covered altar of Uskayaw.
 13401 | D:9      | Found an opulent altar of Gozag.
 13487 | D:9      | Found a radiant altar of Vehumet.
 13502 | D:9      | Became a worshipper of Vehumet
 13657 | D:9      | Reached XP level 11. HP: 64/64 MP: 19/24
 14147 | D:10     | Entered Level 10 of the Dungeon
 14149 | D:10     | Reached skill level 12 in Air Magic
 14308 | D:10     | Noticed a two-headed ogre
 14317 | D:10     | Killed a two-headed ogre
 14827 | D:10     | Found a staircase to the Lair.
 14840 | D:10     | Reached * piety under Vehumet
 14840 | D:10     | Offered knowledge of Freeze by Vehumet.
 15358 | D:10     | Found a staircase to the Orcish Mines.
 15893 | D:10     | Found a radiant altar of Vehumet.
 16316 | D:11     | Offered knowledge of Sting by Vehumet.
 16361 | D:11     | Noticed a brown ugly thing
 16368 | D:11     | Killed a brown ugly thing
 16512 | D:11     | Reached ** piety under Vehumet
 16561 | D:11     | Reached skill level 13 in Air Magic
 17078 | D:11     | Noticed a two-headed ogre
 17083 | D:11     | Killed a two-headed ogre
 17083 | D:11     | Reached XP level 12. HP: 46/71 MP: 5/26
 17766 | Lair:1   | Entered Level 1 of the Lair of Beasts
 17910 | Lair:1   | Found a gate leading to a gauntlet.
 17916 | Gauntlet | Entered a Gauntlet
 17916 | Gauntlet | Found a transporter.
 17925 | Gauntlet | Found a transporter.
 17941 | Gauntlet | Found a transporter.
 17945 | Gauntlet | Found a transporter.
 17966 | Gauntlet | Found a transporter.
 17979 | Gauntlet | Found a transporter.
 17982 | Gauntlet | Noticed a shock serpent
 17982 | Gauntlet | a torpor snail changed into a shock serpent
 17992 | Gauntlet | Found a transporter.
 18021 | Gauntlet | Found a transporter.
 18021 | Gauntlet | Found a transporter.
 18024 | Gauntlet | Noticed an entropy weaver
 18025 | Gauntlet | Found a transporter.
 18058 | Gauntlet | Found a transporter.
 18058 | Gauntlet | Found a transporter.
 18058 | Gauntlet | Identified the ring of the Griffon {rPois rN+ Int+2 Stlth+}
 18058 | Gauntlet | Noticed an entropy weaver
 18087 | Gauntlet | Noticed an anaconda
 18087 | Gauntlet | a water nymph changed into an anaconda
 18358 | Lair:1   | Found a shimmering blue altar of Sif Muna.
 18364 | Lair:1   | Noticed a seven-headed hydra
 19392 | Lair:1   | Found a shimmering blue altar of Sif Muna.
 19976 | Lair:1   | Killed a seven-headed hydra
 20108 | Lair:1   | Found a shimmering blue altar of Sif Muna.
 20607 | Lair:1   | Gained mutation: You are partially covered in icy blue
                  | scales. (AC +2) [potion of mutation]
 20607 | Lair:1   | Gained mutation: Scrolls take you a little longer to read.
                  | [potion of mutation]
 20607 | Lair:1   | Gained mutation: You expend magic power (3 MP) to
                  | strengthen your wands. [potion of mutation]
 20607 | Lair:1   | Gained mutation: You are robust. (+10% HP) [potion of
                  | mutation]
 21259 | Lair:2   | Noticed a seven-headed hydra
 21263 | Lair:2   | Killed a seven-headed hydra
 21263 | Lair:2   | Reached skill level 10 in Spellcasting
 21300 | Lair:2   | Reached skill level 5 in Dodging
 21544 | Lair:2   | Reached skill level 14 in Air Magic
 21973 | Lair:2   | Found a staircase to the Shoals.
 22625 | Lair:3   | Offered knowledge of Inner Flame by Vehumet.
 22634 | Lair:3   | Noticed an eight-headed hydra
 22756 | Lair:2   | Slain by a dream sheep

Levels and vault maps discovered:
D:1:      dpeg_chamrin_arrival_tetris, layout_rooms
D:2:      layout_rooms, xom_redecorated
D:3:      layout_loops_ring, led_sif_book, lemuel_coloured_pillars_altar,
          uniq_purgy, uniq_crazy_yiuf_cottage
D:4:      layout_cave_pods, grunt_qazlal_clouds, portal_sewer_entry_b,
          kennysheep_minor_cross
D:5:      layout_cave_pods, nicolae_overflow_quartered_altars, first_ration,
          serial_shops, kennysheep_little_box, ebering_ghost_gozag,
          chequers_big_river, uniq_sigmund
D:6:      layout_basic
D:7:      layout_rooms, minmay_temple_entry_ruins, serial_shops, shop,
          okawaru_ov_weapons_minmay, uniq_duvessa, uniq_joseph
D:8:      layout_loops_cross, old_standard_altar, grunt_pizzeria
D:9:      layout_small_grid, lemuel_doored_altar, overflow_temple_1_default,
          vehumet_altar_wand_db, basic_altar
D:10:     layout_small_grid, grunt_lair_entry_orc_guard_hut,
          kennysheep_orc_monster_closet_entryway, basic_altar
D:11:     layout_grid_maze
Temple:   compressed_dpeg_circular_temple
Lair:1:   layout_small_grid, gauntlet_entry_generic, basic_altar,
          gammafunk_lair_bear_cave
Lair:2:   layout_regular_city, minmay_shoals_entry_beasts, serial_bayou,
          serial_bayou_pond_d, serial_bayou_ford_a, serial_bayou_pond_c,
          serial_bayou_crossing, cheibrodos_lair_reptile_den
Lair:3:   beast_lair_carwin_large_4, layout_cave_pods,
          grunt_forest_small_clearings

Skill      XL: |  1  2  3  4  5  6  7  8  9 10 11 12 |
---------------+-------------------------------------+-----
Conjurations   | 2 3 4 5 6 7 9 11 12 13 | 13.7
Fighting       | 1 2 3 4 5 6 7 |  7.5
Air Magic      | 5 6 7 8 10 11 13 14 | 14.2
Spellcasting   | 3 4 5 7 8 9 10 | 10.2
Dodging        | 4 5 |  5.2
Stealth        | |  2.0

Action                   |  1- 3 |  4- 6 |  7- 9 | 10-12 || total
-------------------------+-------+-------+-------+-------++-------
Melee: Dagger            |    13 |    37 |    14 |    65 ||   129
       Kick              |     3 |     5 |     2 |    11 ||    21
       Peck              |     1 |     7 |     3 |     9 ||    20
 Cast: Shock             |    45 |   171 |   308 |   452 ||   976
       Airstrike         |       |     1 |    39 |   180 ||   220
 Abil: Fly               |       |       |     1 |       ||     1
Evoke: Wand              |       |       |     6 |     1 ||     7
  Use: Potion            |       |     2 |       |     1 ||     3
       Scroll            |       |     7 |    11 |     6 ||    24
 Stab: Sleeping          |       |     1 |       |       ||     1
  Eat: Chunk             |       |    11 |    15 |    38 ||    64
       Ration            |       |       |     3 |     3 ||     6
Armor: Robe              |     6 |    12 |     3 |       ||    21
       Skin              |       |    17 |       |       ||    17
       Leather armour    |       |       |    13 |    81 ||    94
Dodge: Dodged            |    21 |    38 |    77 |   194 ||   330
